 Dungeon Crawl Stone Soup version 0.24.0-123-gd5b16e6ec5 (webtiles) character file.

Game seed: 11584759733189278285, levelgen mode: deterministic

2356 Delamore the Severer (level 9, -11/69 (70) HPs)
             Began as a Hill Orc Fighter on Dec 29, 2019.
             Was an Elder of Cheibriados.
             Shot with a bolt by an orc warrior (14 damage)
             ... in a bailey.
             The game lasted 00:08:52 (5977 turns).

Delamore the Severer (Hill Orc Fighter)             Turns: 5977, Time: 00:08:52

HP:   -11/69 (70)   AC: 10    Str: 31    XL:     9   Next: 44%
MP:   0/9           EV:  7    Int: 19    God:    Cheibriados [****..]
Gold: 357           SH: 11    Dex: 20    Spells: 8/8 levels left

rFire    . . .     SeeInvis .   a - +0 war axe
rCold    + . .     Gourm    .   c - +0 shield
rNeg     . . .     Faith    .   b - +0 scale mail
rPois    .         Spirit   +   (no helmet)
rElec    .         Reflect  .   k - +0 cloak
rCorr    +         Harm     .   v - +0 pair of gloves
MR       .....                  l - +0 pair of boots
Stlth    ..........             w - amulet of guardian spirit
HPRegen  0.21/turn              C - ring of resist corrosion
MPRegen  0.11/turn              r - ring of protection from cold

@: very slow
A: no striking features
a: Bend Time, Temporal Distortion, Slouch, Renounce Religion


You were in a bailey.
You worshipped Cheibriados.
Cheibriados was greatly pleased with you.
You were not hungry.

You visited 1 branch of the dungeon, and saw 8 of its levels.
You also visited: Sewer and Bailey.

You collected 461 gold pieces.
You spent 104 gold pieces at shops.

Inventory:

Hand Weapons
 a - a +0 war axe (weapon)
Missiles
 B - a throwing net (quivered)
Armour
 b - a +0 scale mail (worn)
 c - a +0 shield (worn)
 k - a +0 cloak (worn)
 l - a +0 pair of boots (worn)
 v - a +0 pair of gloves (worn)
Jewellery
 r - a ring of protection from cold (right hand)
 s - an uncursed ring of flight
 u - an uncursed ring of ice
 w - an amulet of guardian spirit (around neck)
 A - an uncursed ring of ice
 C - a ring of resist corrosion (left hand)
Wands
 t - a wand of disintegration (17)
 y - a wand of paralysis (8)
 z - a wand of iceblast (9)
Scrolls
 d - a scroll of noise
 g - 6 scrolls of teleportation
 h - 2 scrolls of identify
 i - 2 scrolls of amnesia
 n - a scroll of enchant armour
 E - a scroll of enchant weapon
 H - a scroll of brand weapon
 I - a scroll of fog
 J - a scroll of remove curse
Potions
 e - 2 potions of magic
 j - a potion of degeneration
 m - a potion of invisibility
 o - a potion of mutation
 p - 2 potions of berserk rage
 q - a potion of resistance
 x - a potion of lignification {unknown}
 D - a potion of flight
 F - a potion of ambrosia
 G - a potion of might
Comestibles
 f - 15 rations


   Skills:
 - Level 3.6 Fighting
 + Level 15.3 Axes
 - Level 3.2 Armour
 - Level 3.2 Shields


You had 8 spell levels left.
You didn't know any spells.
Your spell library contained the following spells:

 Spells                   Type           Power        Failure   Level  Hunger
 Confusing Touch          Hex            #.....       88%         1    ##.....
 Confuse                  Hex            #.......     99%         3    ####...
 Gell's Gravitas          Tloc           #.........   99%         3    ####...
 Petrify                  Tmut/Erth      #.......     100%        4    #####..
 Metabolic Englaciation   Hex/Ice        #.........   100%        5    ######.
 Yara's Violent Unravell  Hex/Tmut       #.........   100%        5    ######.


Dungeon Overview and Level Annotations

Branches:
Dungeon (8/15)             Temple (0/1) D:5           Sewer (visited)
 Bailey (1/1)
   Lair: D:8-11

Altars:
Cheibriados
Okawaru
Yredelemnul

Shops:
D:7 %?(%


Message History

The orc warrior shoots a bolt.
The bolt hits you!
* * * LOW HITPOINT WARNING * * *
The orc shoots a bolt.
You block the bolt.
You see here a bolt.
The orc warrior shoots a bolt.
The bolt hits you.
* * * LOW HITPOINT WARNING * * *
The orc shoots a bolt.
The bolt barely misses you.
You see here 2 bolts.
The orc shoots a bolt.
The bolt hits you.
* * * LOW HITPOINT WARNING * * *
You see here a bolt.
The orc shoots a bolt.
The bolt hits you but does no damage.
The orc shoots a bolt.
You block the bolt.
The orc warrior shoots a bolt.
The bolt hits you.
* * * LOW HITPOINT WARNING * * *
You see here 2 bolts.
The orc shoots a bolt.
The bolt closely misses you.
The orc shoots a bolt.
The bolt hits you but does no damage.
The orc warrior shoots a bolt.
The bolt hits you!
You die...

##.##≈...............≈
.≈..^.o≈.....(.........≈
.≈##.o#≈....(.........
.≈≈#o#≈≈.((((.###.....
..≈≈≈≈≈..(.#### ###..
........((## #.
........(## .......(.#
.......@## ........#
........# ........#
........# .........
......... .........


You could see an orc warrior and 2 orcs.

Vanquished Creatures
  Sigmund (D:6)
  Menkaure (D:7)
  Duvessa (D:5)
  An orc warrior (D:6)
  A sky beast (D:8)
  A black bear (D:7)
  A necrophage (D:5)
  An ice beast (D:7)
  A phantom (D:7)
  4 ogres
  A crocodile (Sewer)
  A bullfrog (D:7)
  Dowan (D:5)
  3 wights (D:6)
  3 crimson imps
  Crazy Yiuf (D:2)
  A bullfrog zombie (D:7)
  A centaur skeleton (D:4)
  2 hounds
  2 orc priests
  Ijyb (D:5)
  An iguana (D:3)
  4 worker ants
  Terence (D:2)
  3 gnolls (D:7)
  7 adders
  2 shadow imps
  4 oozes
  An adder zombie (D:5)
  3 adder skeletons
  2 worms
  2 dart slugs
  7 leopard geckos
  17 orcs
  14 bats
  6 giant cockroaches
  8 goblins
  7 hobgoblins
  19 jackals
  8 kobolds
  7 quokkas
  2 frilled lizards (D:2)
  A giant cockroach zombie (D:5)
  9 rats
165 creatures vanquished.

Notes
Turn   | Place    | Note
-------+----------+-------------------------------------------
     0 | D:1      | Delamore the Hill Orc Fighter began the quest for the Orb.
     0 | D:1      | Reached XP level 1. HP: 19/19 MP: 1/1
    19 | D:1      | Reached skill level 3 in Axes
   165 | D:1      | Reached XP level 2. HP: 22/26 MP: 2/2
   229 | D:1      | Reached skill level 4 in Axes
   370 | D:1      | Reached XP level 3. HP: 23/31 MP: 3/3
   633 | D:2      | Reached skill level 5 in Axes
   727 | D:2      | Found a runed translucent door.
   728 | D:2      | Noticed Crazy Yiuf
   748 | D:2      | Reached XP level 4. HP: 39/39 MP: 4/4
   778 | D:2      | Killed Crazy Yiuf
   778 | D:2      | Reached skill level 6 in Axes
  1153 | D:2      | Noticed Terence
  1166 | D:2      | Killed Terence
  1166 | D:2      | Reached XP level 5. HP: 31/45 MP: 5/5
  1634 | D:3      | Found a faded altar of an unknown god.
  1660 | D:3      | Became a worshipper of Cheibriados the Contemplative
  1660 | D:3      | Reached * piety under Cheibriados
  1770 | D:3      | Reached skill level 7 in Axes
  2041 | D:3      | Found a basalt altar of Yredelemnul.
  2067 | D:3      | Reached ** piety under Cheibriados
  2255 | D:4      | Found a glowing drain.
  2269 | Sewer    | Entered a sewer
  2304 | Sewer    | Noticed a crocodile
  2316 | Sewer    | Killed a crocodile
  2316 | Sewer    | Reached skill level 8 in Axes
  2316 | Sewer    | Reached XP level 6. HP: 5/51 MP: 6/6
  3058 | D:4      | Reached skill level 9 in Axes
  3623 | D:5      | Entered Level 5 of the Dungeon
  3636 | D:5      | Reached XP level 7. HP: 31/57 MP: 4/7
  3777 | D:5      | Noticed Duvessa
  3777 | D:5      | Noticed Dowan
  3782 | D:5      | Reached skill level 10 in Axes
  3792 | D:5      | Reached *** piety under Cheibriados
  3793 | D:5      | Killed Duvessa
  3796 | D:5      | Killed Dowan
  4138 | D:5      | Reached skill level 11 in Axes
  4200 | D:5      | Reached XP level 8. HP: 63/63 MP: 8/8
  4264 | D:5      | Noticed Ijyb
  4270 | D:5      | Paralysed by Ijyb for 2 turns
  4278 | D:5      | Paralysed by Ijyb for 3 turns
  4283 | D:5      | Killed Ijyb
  4317 | D:5      | Found a staircase to the Ecumenical Temple.
  4483 | D:6      | Reached skill level 12 in Axes
  4617 | D:6      | Reached **** piety under Cheibriados
  4698 | D:6      | Reached skill level 13 in Axes
  4720 | D:6      | Noticed Sigmund
  4734 | D:6      | Killed Sigmund
  4971 | D:6      | Reached XP level 9. HP: 56/69 MP: 9/9
  5064 | D:7      | Reached skill level 14 in Axes
  5080 | D:7      | Found Kujint's Armour Shoppe.
  5148 | D:7      | Found an iron altar of Okawaru.
  5173 | D:7      | Found Kymomowo's Food Shoppe.
  5315 | D:7      | Found Noqese Faha's Magic Scroll Shop.
  5326 | D:7      | Bought a scroll of noise for 11 gold pieces
  5326 | D:7      | Bought a scroll of fog for 22 gold pieces
  5326 | D:7      | Bought a scroll of remove curse for 33 gold pieces
  5326 | D:7      | Bought a scroll of magic mapping for 38 gold pieces
  5351 | D:7      | Noticed Menkaure
  5360 | D:7      | Killed Menkaure
  5360 | D:7      | Reached skill level 15 in Axes
  5427 | D:7      | Found Xeuhimp's Weapon Shoppe.
  5519 | D:7      | Found Kooxoixy's Food Shop.
  5699 | D:8      | Found a flagged portal.
  5727 | Bailey   | Entered a bailey
  5976 | Bailey   | HP: 3/69 [orc warrior/bolt (5)]
  5977 | Bailey   | Shot with a bolt by an orc warrior

Levels and vault maps discovered:
D:1:      lemuel_arrival_rhombus, layout_basic
D:2:      layout_loops_ring, serial_bayou_lagoon_b, uniq_terence,
          uniq_crazy_yiuf_cottage
D:3:      minmay_door_path, layout_loops_ring, nicolae_overflow_hidden_temple,
          chequers_ecumenical_altar_simple, minmay_misc_feat_nine_boxes,
          chequers_garden
D:4:      layout_layer_cave, first_ration, portal_sewer_entry_c
D:5:      layout_rooms, temple_doors_cd, uniq_duvessa, uniq_ijyb
D:6:      layout_basic, uniq_sigmund
D:7:      layout_loops_cross, basic_altar, serial_shops, nicolae_shop_crystal,
          shop, shop, shop, shop, uniq_menkaure
D:8:      layout_rooms, enter_bailey_3, serial_shops, nicolae_shop_behind_doors,
          uniq_harold, uniq_erica
Bailey:   bailey_polearm_2, bailey

Skill      XL: |  1  2  3  4  5  6  7  8  9 |
---------------+----------------------------+-----
Axes           | 3 4 5 6 8 9 11 13 15 | 15.3
Fighting       | |  3.6
Armour         | |  3.2
Shields        | |  3.2

Action                   |  1- 3 |  4- 6 |  7- 9 || total
-------------------------+-------+-------+-------++-------
Melee: War axe           |    86 |   250 |   232 ||   568
  Use: Scroll            |       |     9 |     8 ||    17
       Potion            |       |     1 |     3 ||     4
  Eat: Chunk             |       |     6 |     4 ||    10
Armor: Scale mail        |    39 |   108 |    78 ||   225
Dodge: Dodged            |    29 |    75 |    48 ||   152
Block: Shield            |    43 |   164 |   118 ||   325
